| TOP OF THE 1ST |
|
California Angels batting - Pitching for Seattle Mariners : LHP Larry Tuckfard
|
|
Pitching: LHP Larry Tuckfard
|
|
|
Batting: RHB Alain Delhaye
|
0-0: Called Strike 0-1: Foul Ball, location: 2F 0-2: Foul Ball, location: 2F 0-2: Ball 1-2: Ball 2-2: Foul Ball, location: 2F 2-2: Ground out 1-3 (Groundball, 13S, EV 72.5 MPH)
|
|
Batting: RHB Nick Dunn
|
0-0: Fly out, F8 (Flyball, 8RM, EV 76.9 MPH)
|
|
Batting: LHB Rusty Ney
|
0-0: Foul Ball, location: 2F 0-1: Ball 1-1: Called Strike 1-2: Foul Ball, location: 2F 1-2: Ball 2-2: Fly out, F8 (Flyball, 8LS, EV 71.9 MPH)
|
| Top of the 1st over - 0 runs, 0 hits, 0 errors, 0 left on base; California 0 - Seattle 0 |
| BOTTOM OF THE 1ST |
|
Seattle Mariners batting - Pitching for California Angels : LHP Jeff Baker
|
|
Pitching: LHP Jeff Baker
|
|
|
Batting: SHB Robbie Rogers
|
0-0: Ball 1-0: Ball 2-0: Called Strike 2-1: Ground out 5-3 (Groundball, 56, EV 77.5 MPH)
|
|
Batting: RHB Jose Vasquez
|
0-0: Ball 1-0: Swinging Strike 1-1: Ground out 5-3 (Groundball, 5S, EV 89.4 MPH)
|
|
Batting: RHB Harutomi Matsubara
|
0-0: Called Strike 0-1: SINGLE (Line Drive, 78S, EV 103.8 MPH)
|
|
Batting: RHB Jimmy Hammertime
|
0-0: Ball Harutomi Matsubara is caught stealing 2nd base 2-4
|
| Bottom of the 1st over - 0 runs, 1 hit, 0 errors, 0 left on base; California 0 - Seattle 0 |
| TOP OF THE 2ND |
|
California Angels batting - Pitching for Seattle Mariners : LHP Larry Tuckfard
|
|
Batting: RHB Bjoern Waltersson
|
0-0: Foul Ball, location: 2F 0-1: Foul Ball, location: 2F 0-2: Ground out 4-3 (Groundball, 4, EV 77.5 MPH)
|
|
Batting: RHB Ruben Velasco
|
0-0: Ball 1-0: Called Strike 1-1: Called Strike 1-2: Ball 2-2: Ball 3-2: Fly out, F9 (Flyball, 9LM, EV 80.0 MPH)
|
|
Batting: RHB Mike Harkins
|
0-0: Ball 1-0: Foul Ball, location: 2F 1-1: Ball 2-1: Swinging Strike 2-2: Strikes out looking
|
| Top of the 2nd over - 0 runs, 0 hits, 0 errors, 0 left on base; California 0 - Seattle 0 |
| BOTTOM OF THE 2ND |
|
Seattle Mariners batting - Pitching for California Angels : LHP Jeff Baker
|
|
Batting: RHB Jimmy Hammertime
|
0-0: Ball 1-0: Called Strike 1-1: SINGLE (Line Drive, 7S, EV 100.0 MPH)
|
|
Batting: RHB Tony Vargas
|
0-0: Ball 1-0: Called Strike 1-1: Ball 2-1: Foul Ball, location: 2F 2-2: DOUBLE (Line Drive, 89XD, EV 108.8 MPH) Jimmy Hammertime to third
|
|
Batting: LHB Dae-ik Yoon
|
0-0: Ball 1-0: Foul Ball, location: 2F 1-1: Ball 2-1: Foul Ball, location: 2F 2-2: Strikes out swinging
|
|
Batting: RHB Pavpv Ivanushkin
|
0-0: SINGLE (Flyball, 5D, EV 83.1 MPH) Jimmy Hammertime scores Tony Vargas to third
|
|
Batting: LHB Jerrod Cluck
|
0-0: Fly out, F7 (Flyball, 7D, EV 83.1 MPH) Runner from 3rd tags up, SCORES, no throw by LF
|
|
Batting: RHB Malik Brookshire
|
0-0: Called Strike 0-1: Called Strike 0-2: Strikes out looking
|
| Bottom of the 2nd over - 2 runs, 3 hits, 0 errors, 1 left on base; California 0 - Seattle 2 |
| TOP OF THE 3RD |
|
California Angels batting - Pitching for Seattle Mariners : LHP Larry Tuckfard
|
|
Batting: RHB Luis Romero
|
0-0: Swinging Strike 0-1: Called Strike 0-2: Ground out 5-3 (Groundball, 5L, EV 106.9 MPH)
|
|
Batting: LHB Javier Trujillo
|
0-0: Fly out, F9 (Line Drive, 9S, EV 90.6 MPH)
|
|
Batting: RHB Terry Baginski
|
0-0: Foul Ball, location: 2F 0-1: SINGLE (Groundball, 56D, EV 95.0 MPH)
|
|
Batting: RHB Alain Delhaye
|
0-0: Fielders Choice at 2nd, U4 (Groundball, 6, EV 98.1 MPH)
|
| Top of the 3rd over - 0 runs, 1 hit, 0 errors, 1 left on base; California 0 - Seattle 2 |
| BOTTOM OF THE 3RD |
|
Seattle Mariners batting - Pitching for California Angels : LHP Jeff Baker
|
|
Batting: SHB Robbie Rogers
|
0-0: Called Strike 0-1: Foul Ball, location: 2F 0-2: Ball 1-2: Ball 2-2: Foul Ball, location: 2F 2-2: Foul Ball, location: 2F 2-2: Foul Ball, location: 2F 2-2: SINGLE (Groundball, 4M, EV 82.5 MPH) (infield hit)
|
|
Batting: RHB Jose Vasquez
|
0-0: Ball Robbie Rogers steals 2nd base 1-0: Called Strike 1-1: Swinging Strike 1-2: Ball 2-2: Strikes out looking
|
|
Batting: RHB Harutomi Matsubara
|
0-0: Fly out, F7 (Flyball, 78S, EV 73.8 MPH)
|
|
Batting: RHB Jimmy Hammertime
|
0-0: Ball 1-0: Fly out, F8 (Flyball, 8LD, EV 93.8 MPH)
|
| Bottom of the 3rd over - 0 runs, 1 hit, 0 errors, 1 left on base; California 0 - Seattle 2 |
| TOP OF THE 4TH |
|
California Angels batting - Pitching for Seattle Mariners : LHP Larry Tuckfard
|
|
Batting: RHB Nick Dunn
|
0-0: Foul Ball, location: 2F 0-1: DOUBLE (Line Drive, 7LM, EV 103.8 MPH)
|
|
Batting: LHB Rusty Ney
|
0-0: Ball 1-0: Ball 2-0: Ball 3-0: Base on Balls
|
|
Batting: RHB Bjoern Waltersson
|
0-0: Ball 1-0: Ball 2-0: Called Strike 2-1: Swinging Strike 2-2: Ball 3-2: Foul Ball, location: 2F 3-2: Base on Balls Nick Dunn to third Rusty Ney to second
|
|
Batting: RHB Ruben Velasco
|
0-0: Grounds into double play, 6-4-3 (Groundball, 6, EV 83.8 MPH) Nick Dunn scores Rusty Ney to third
|
|
Batting: RHB Mike Harkins
|
0-0: Called Strike 0-1: Foul Ball, location: 2F 0-2: Ball 1-2: Strikes out swinging
|
| Top of the 4th over - 1 run, 1 hit, 0 errors, 1 left on base; California 1 - Seattle 2 |
| BOTTOM OF THE 4TH |
|
Seattle Mariners batting - Pitching for California Angels : LHP Jeff Baker
|
|
Batting: RHB Tony Vargas
|
0-0: Swinging Strike 0-1: Ball 1-1: Foul Ball, location: 2F 1-2: Strikes out swinging
|
|
Batting: LHB Dae-ik Yoon
|
0-0: Reached on error, E4 (Groundball, 4, EV 96.9 MPH)
|
|
Batting: RHB Pavpv Ivanushkin
|
0-0: Called Strike 0-1: Ground out 5-3 (Groundball, 5, EV 90.0 MPH)
|
|
Batting: LHB Jerrod Cluck
|
0-0: Ground out 5-3 (Groundball, 56S, EV 90.0 MPH)
|
| Bottom of the 4th over - 0 runs, 0 hits, 1 error, 1 left on base; California 1 - Seattle 2 |
| TOP OF THE 5TH |
|
California Angels batting - Pitching for Seattle Mariners : LHP Larry Tuckfard
|
|
Batting: RHB Luis Romero
|
0-0: Called Strike 0-1: Fly out, F8 (Flyball, 8LM, EV 85.6 MPH)
|
|
Batting: LHB Javier Trujillo
|
0-0: Called Strike 0-1: SINGLE (Line Drive, 9LS, EV 99.4 MPH)
|
|
Batting: RHB Terry Baginski
|
0-0: Swinging Strike 0-1: Foul Ball, location: 2F 0-2: Strikes out looking
|
|
Batting: RHB Alain Delhaye
|
0-0: Ball 1-0: Ball 2-0: Called Strike 2-1: SINGLE (Line Drive, 7S, EV 105.6 MPH) Javier Trujillo to second Runner from 2nd tries for 3rd, SAFE, throw by LF made to third
|
|
Batting: RHB Nick Dunn
|
0-0: Foul Ball, location: 2F 0-1: SINGLE (Groundball, 13, EV 77.5 MPH) (infield hit) Javier Trujillo scores Alain Delhaye to second
|
|
Batting: LHB Rusty Ney
|
0-0: Ball 1-0: Ball 2-0: Ball 3-0: Called Strike 3-1: Called Strike 3-2: DOUBLE (Line Drive, 3D, EV 106.2 MPH) Alain Delhaye scores Nick Dunn to third Nick Dunn scores
|
|
Batting: RHB Bjoern Waltersson
|
0-0: Foul Ball, location: 2F 0-1: Ball 1-1: Ground out 6-3 (Groundball, 6M, EV 107.5 MPH)
|
| Top of the 5th over - 3 runs, 4 hits, 0 errors, 1 left on base; California 4 - Seattle 2 |
| BOTTOM OF THE 5TH |
|
Seattle Mariners batting - Pitching for California Angels : LHP Jeff Baker
|
|
Batting: RHB Malik Brookshire
|
0-0: Ball 1-0: Foul Ball, location: 2F 1-1: Ground out 5-3 (Groundball, 56S, EV 85.0 MPH)
|
|
Batting: SHB Robbie Rogers
|
0-0: Foul Ball, location: 2F 0-1: Ground out 5-3 (Groundball, 5, EV 100.0 MPH)
|
|
Batting: RHB Jose Vasquez
|
0-0: Ball 1-0: Fly out, F7 (Line Drive, 7, EV 87.5 MPH)
|
| Bottom of the 5th over - 0 runs, 0 hits, 0 errors, 0 left on base; California 4 - Seattle 2 |
| TOP OF THE 6TH |
|
California Angels batting - Pitching for Seattle Mariners : LHP Larry Tuckfard
|
|
Batting: RHB Ruben Velasco
|
0-0: Ball 1-0: Foul Ball, location: 2F 1-1: Ball 2-1: Ball 3-1: Foul Ball, location: 2F 3-2: Foul Ball, location: 2F 3-2: Fly out, F8 (Flyball, 8RD, EV 93.8 MPH)
|
|
Batting: RHB Mike Harkins
|
0-0: Swinging Strike 0-1: Ball 1-1: SINGLE (Flyball, 56D, EV 85.0 MPH)
|
|
Batting: RHB Luis Romero
|
0-0: Called Strike 0-1: Ball 1-1: Called Strike 1-2: Ball 2-2: Strikes out swinging
|
|
Batting: LHB Javier Trujillo
|
0-0: Ball 1-0: Ball Wild Pitch! Mike Harkins to second 2-0: Ball 3-0: Base on Balls
|
|
Batting: RHB Terry Baginski
|
0-0: SINGLE (Flyball, 89S, EV 89.4 MPH) Mike Harkins to third Javier Trujillo to second Runner from 3rd tries for Home, SAFE, throw by RF to home
|
|
Batting: RHB Alain Delhaye
|
0-0: Called Strike 0-1: Swinging Strike 0-2: Strikes out swinging
|
| Top of the 6th over - 1 run, 2 hits, 0 errors, 2 left on base; California 5 - Seattle 2 |
| BOTTOM OF THE 6TH |
|
Seattle Mariners batting - Pitching for California Angels : LHP Jeff Baker
|
|
Batting: RHB Harutomi Matsubara
|
0-0: Ball 1-0: Ground out 4-3 (Groundball, 4, EV 88.1 MPH)
|
|
Batting: RHB Jimmy Hammertime
|
0-0: SINGLE (Line Drive, 4MD, EV 102.5 MPH)
|
|
Batting: RHB Tony Vargas
|
0-0: Ball 1-0: Ball 2-0: Foul Ball, location: 2F 2-1: Swinging Strike 2-2: Fly out, F9 (Line Drive, 89S, EV 95.0 MPH)
|
|
Batting: LHB Dae-ik Yoon
|
0-0: Ball Pickoff Throw to First - Out! 1-3 CS
|
| Bottom of the 6th over - 0 runs, 1 hit, 0 errors, 0 left on base; California 5 - Seattle 2 |
| TOP OF THE 7TH |
|
California Angels batting - Pitching for Seattle Mariners : LHP Larry Tuckfard
|
|
Pitching: RHP Omar Colunga
|
|
|
Batting: RHB Nick Dunn
|
0-0: Ball 1-0: Fly out, F9 (Line Drive, 89M, EV 95.6 MPH)
|
|
Batting: LHB Rusty Ney
|
0-0: Foul Ball, location: 2F 0-1: Called Strike 0-2: Fly out, F8 (Flyball, 8RD, EV 101.2 MPH)
|
|
Batting: RHB Bjoern Waltersson
|
0-0: Called Strike 0-1: Ball 1-1: Ball 2-1: Called Strike 2-2: Ground out 4-3 (Groundball, 34, EV 89.4 MPH)
|
| Top of the 7th over - 0 runs, 0 hits, 0 errors, 0 left on base; California 5 - Seattle 2 |
| BOTTOM OF THE 7TH |
|
Seattle Mariners batting - Pitching for California Angels : LHP Jeff Baker
|
|
Batting: LHB Dae-ik Yoon
|
0-0: Called Strike 0-1: Ground out 6-3 (Groundball, 6M, EV 79.4 MPH)
|
|
Batting: RHB Pavpv Ivanushkin
|
0-0: SINGLE (Groundball, 6D, EV 94.4 MPH)
|
|
Batting: LHB Jerrod Cluck
|
0-0: Ball 1-0: Foul Ball, location: 2F 1-1: Called Strike 1-2: Strikes out swinging
|
|
Batting: RHB Malik Brookshire
|
0-0: Called Strike 0-1: Ball 1-1: Ball 2-1: Called Strike 2-2: Foul Ball, location: 2F 2-2: Strikes out swinging
|
| Bottom of the 7th over - 0 runs, 1 hit, 0 errors, 1 left on base; California 5 - Seattle 2 |
| TOP OF THE 8TH |
|
California Angels batting - Pitching for Seattle Mariners : RHP Omar Colunga
|
|
Pitching: RHP Willie Sanchez
|
|
|
Batting: RHB Ruben Velasco
|
0-0: Swinging Strike 0-1: Fly out, F8 (Flyball, 78D, EV 85.0 MPH)
|
|
Pitching: RHP William de Jesus
|
|
|
Batting: RHB Mike Harkins
|
0-0: Ball 1-0: Called Strike 1-1: DOUBLE (Line Drive, 7LM, EV 91.2 MPH)
|
|
Batting: RHB Luis Romero
|
0-0: Foul Ball, location: 2F 0-1: Swinging Strike 0-2: Ball 1-2: SINGLE (Flyball, 89S, EV 86.2 MPH) Mike Harkins to third Runner from 3rd tries for Home, SAFE, throw by RF to home
|
|
Batting: LHB Javier Trujillo
|
0-0: Called Strike 0-1: Called Strike 0-2: Strikes out swinging
|
|
Batting: RHB Terry Baginski
|
0-0: Called Strike 0-1: Ball 1-1: Ball 2-1: Foul Ball, location: 2F 2-2: Ball 3-2: Strikes out swinging
|
| Top of the 8th over - 1 run, 2 hits, 0 errors, 1 left on base; California 6 - Seattle 2 |
| BOTTOM OF THE 8TH |
|
Seattle Mariners batting - Pitching for California Angels : LHP Jeff Baker
|
|
Batting: SHB Robbie Rogers
|
0-0: Ball 1-0: Fly out, F8 (Flyball, 89D, EV 89.4 MPH)
|
|
Batting: RHB Jose Vasquez
|
0-0: Ball 1-0: Called Strike 1-1: Called Strike 1-2: Strikes out swinging
|
|
Batting: RHB Harutomi Matsubara
|
0-0: Called Strike 0-1: Ball 1-1: Ground out U3 (Groundball, 23, EV 90.6 MPH)
|
| Bottom of the 8th over - 0 runs, 0 hits, 0 errors, 0 left on base; California 6 - Seattle 2 |
| TOP OF THE 9TH |
|
California Angels batting - Pitching for Seattle Mariners : RHP William de Jesus
|
|
Pitching: RHP Kyle Ridgeway
|
|
|
Batting: RHB Alain Delhaye
|
0-0: Foul Ball, location: 2F 0-1: Foul Ball, location: 2F 0-2: Foul Ball, location: 2F 0-2: Strikes out looking
|
|
Batting: RHB Nick Dunn
|
0-0: Ball 1-0: Fly out, F8 (Flyball, 8RD, EV 79.4 MPH)
|
|
Batting: LHB Rusty Ney
|
0-0: Ball 1-0: Ball 2-0: Foul Ball, location: 2F 2-1: Ground out 6-3 (Groundball, 4M, EV 108.8 MPH)
|
| Top of the 9th over - 0 runs, 0 hits, 0 errors, 0 left on base; California 6 - Seattle 2 |
| BOTTOM OF THE 9TH |
|
Seattle Mariners batting - Pitching for California Angels : LHP Jeff Baker
|
|
Batting: RHB Jimmy Hammertime
|
0-0: Ball 1-0: SINGLE (Line Drive, 5D, EV 111.9 MPH)
|
|
Batting: RHB Tony Vargas
|
0-0: Ball 1-0: Ball 2-0: Called Strike 2-1: Swinging Strike 2-2: Ball 3-2: DOUBLE (Line Drive, 8RD, EV 99.4 MPH) Jimmy Hammertime to third
|
|
Pitching: RHP Willie Nieto
|
|
|
Batting: LHB Dae-ik Yoon
|
0-0: Called Strike 0-1: Called Strike 0-2: Foul Ball, location: 2F 0-2: Hit by Pitch
|
|
Batting: RHB Pavpv Ivanushkin
|
0-0: Called Strike 0-1: Foul Ball, location: 2F 0-2: Strikes out swinging
|
|
Batting: LHB Jerrod Cluck
|
0-0: Ball 1-0: Ball 2-0: Ball 3-0: Base on Balls Jimmy Hammertime scores Tony Vargas to third Dae-ik Yoon to second
|
|
Batting: RHB Malik Brookshire
|
0-0: Called Strike 0-1: Ball 1-1: Foul Ball, location: 2F 1-2: Ball 2-2: Grounds into double play, 5-4-3 (Groundball, 56, EV 88.1 MPH)
|
| Bottom of the 9th over - 1 run, 2 hits, 0 errors, 2 left on base; California 6 - Seattle 3 |
|